[Event "*** MasterClass Titled Tuesday Blitz"]
[Site "Chess.com"]
[Date "2017.08.01"]
[Round "1"]
[White "Aygehovit1992"]
[Black "ZoltanChef"]
[Result "1-0"]
[WhiteElo "2448"]
[BlackElo "2123"]
[TimeControl "180+2"]
[EndTime "13:09:35 PDT"]
[Termination "Aygehovit1992 won by resignation"]

1. e4 c5 2. Nf3 d6 3. d4 cxd4 4. Nxd4 Nf6 5. Nc3 Nc6 6. Be2 e5 7. Nf3 h6 8. O-O Be6 9. b3 Be7 10. a4 d5 11. exd5 Nxd5 12. Bb2 Nxc3 13. Bxc3 Qxd1 14. Rfxd1 f6 15. a5 a6 16. Nd2 Kf7 17.
Nc4 Rad8 18. Nb6 Rxd1+ 19. Rxd1 Rd8 20. Rxd8 Bxd8 21. b4 Nd4 22. Bxd4 exd4 23. Bf3 Bf5 24. Bxb7 Bxc2 25. Bxa6 d3 26. Nc4 Be7 27. b5 Bb4 28.
b6 d2 29. Nxd2 Bxd2 30. Bc4+ Ke7 31. a6 Be4 32. Be2 Ba5 33. b7 Bxb7 34. axb7 Bc7 35. h4 g6 36. Bd3 g5 37. h5 Ke6 38. g4 Kd6 39. Kg2 Ke5 40. Kf3 Bb8 41. Bf5 Ba7 42.
Ke2 Kd4 43. Kd2 Bb8 44. Kc2 Kc4 45. Be6+ Kd4 46. Kb3 Bc7 47. Kb4 Ke5 48. Bc8 Kd5 49. Kb5 Bb8 50. Bf5 Bc7 51. f3 Bb8 52. Be4+ Kd6 53. Kb6 Kd7 54. Kc5 Kc7 55. Bc6 Kd8 56.
Kd5 Ke7 57. Bb5 Bf4 58. Ke4 Ke6 59. Bc4+ Ke7 60. Kf5 Bb8 61. Kg6 Be5 62. Kxh6 Kf8 63. Kg6 Bb8 64. h6 Ke7 65. h7 1-0

[Event "*** MasterClass Titled Tuesday Blitz"]
[Site "Chess.com"]
[Date "2017.08.01"]
[Round "1"]
[White "MartinMatthiesen"]
[Black "DavidMarkosyan"]
[Result "0-1"]
[WhiteElo "2197"]
[BlackElo "2492"]
[TimeControl "180+2"]
[EndTime "13:09:39 PDT"]
[Termination "DavidMarkosyan won by resignation"]

1. d4 Nf6 2. Nf3 g6 3. Bf4 Bg7 4. e3 O-O 5. Be2 d6 6. O-O Nh5 7.
Bg5 h6 8. Bh4 g5 9. Nfd2 gxh4 10. Bxh5 c5 11. c3 Nc6 12. dxc5 dxc5 13. Ne4 Qb6 14. Qb3 Be6 15. Qxb6 axb6 16. a3 Rfd8 17.
Rd1 f5 18. Ned2 Na5 19. Be2 Nb3 20. Nxb3 Bxb3 21. Rxd8+ Rxd8 22. Kf1 Kf7 23. Ke1 Bd5 24. g3 hxg3 25. hxg3 e5 26. Nd2 e4 27. a4 Ke6 28.
Bc4 Be5 29. Ra3 Bc7 30. Rb3 Ra8 31. Ra3 Bxc4 32. Nxc4 Kd5 33. Nd2 c4 34. Ra1 b5 35.
Rd1 Rxa4 36. Nb3+ Ke5 37. Rd7 cxb3 38. Rxc7 Ra1+ 39. Ke2 Rb1 40. Rxb7 Rxb2+ 41. Ke1 Rc2 42. Rxb5+ Kf6 43. Rxb3 Kg5 44. Kf1 Kg4 45. Kg2 h5 46. Ra3 h4 47. gxh4 f4 48. exf4 e3 49. c4 Rxf2+ 50. Kg1 Kxf4 51. Rc3 Ke4 52. c5 Kd4 53. Rc1 Rf7 54. c6 Rc7 55. h5 Kd3 56. h6 Kd2 57. Rc5 e2 58. Rd5+ Ke3 59. Re5+ Kf3 60. Re6 Rxc6 61.
Re8 Rxh6 62. Rf8+ Ke3 63. Re8+ Kd2 64. Rd8+ Ke1 65. Rd7 Rg6+ 66. Kh2 Rg5 67. Rd6 Kf2 68. Rf6+ Ke3 69. Re6+ Kf3 70. Re7 Rg4 71. Re6 Re4 0-1

[Event "*** MasterClass Titled Tuesday Blitz"]
[Site "Chess.com"]
[Date "2017.08.01"]
[Round "1"]
[White "MateusViageiro"]
[Black "michaelq2d5"]
[Result "0-1"]
[WhiteElo "2300"]
[BlackElo "2595"]
[TimeControl "180+2"]
[EndTime "13:09:41 PDT"]
[Termination "michaelq2d5 won by resignation"]

1. d4 d5 2. Nf3 Nf6 3. g3 Bf5 4. Bg2 e6 5. O-O Be7 6. Nbd2 h6 7. c4 c6 8. b3 O-O 9. Bb2 Nbd7 10. Ne5 a5 11. a4 Bb4 12. Ndf3 Rc8 13. c5 b6 14. Nxd7 Nxd7 15. cxb6 Qxb6 16. Rc1 c5 17. dxc5 Bxc5 18. Nd4 Bh7 19. Nb5 Rfd8 20. Qd2 Be7 21. Rxc8 Rxc8 22. Rc1 Rxc1+ 23. Qxc1 Qc5 24. Qf4 Bg5 25. Qd4 Qxd4 26. Nxd4 Bf6 27. e3 Nc5 28. Bf1 Bxd4 29. Bxd4 Nxb3 30.
Bc3 Bc2 31. Bb5 Nc5 32. Bxa5 Bxa4 33. Be2 Ne4 34. Be1 g6 35. f3 Nd6 36. Kf2 Bb5 37.
Bd1 Kg7 38. Bc3+ f6 39. Bc2 Kf7 40. Bb4 Nb7 41. e4 d4 42. Ke1 Bc4 43. Kd2 e5 44. Ba4 Nd8 45. Bd7 Be6 46. Bb5 Ba2 47. f4 Ne6 48.
fxe5 fxe5 49. Bd7 Ng5 50. Bc6 Bb1 51. h4 Nxe4+ 52. Bxe4 Bxe4 53. Bd6 Ke6 54. Bf8 h5 55. Bh6 Kd5 56. Bg7 Bf5 57. Ke2 e4 58. Bh6 Bg4+ 59. Kd2 e3+ 60. Bxe3 dxe3+ 61. Kxe3 Ke5 62. Kf2 Ke4 63.
Kg2 Ke3 64. Kg1 Kf3 65. Kh2 Kf2 0-1

[Event "*** MasterClass Titled Tuesday Blitz"]
[Site "Chess.com"]
[Date "2017.08.01"]
[Round "1"]
[White "dzhumagaliev"]
[Black "josiwales"]
[Result "1-0"]
[WhiteElo "2525"]
[BlackElo "2259"]
[TimeControl "180+2"]
[EndTime "13:09:43 PDT"]
[Termination "dzhumagaliev won by resignation"]

1. Nf3 d5 2. d4 Nf6 3. c4 c6 4. e3 a6 5. Nc3 Bg4 6. Qb3 b5 7. cxb5 cxb5 8. Ne5 e6 9. Nxg4 Nxg4 10. Be2 Nf6 11.
O-O Nbd7 12. a4 b4 13. Nb1 a5 14. Nd2 Rc8 15. Nf3 Bd6 16. Ba6 Rc7 17. Bd2 O-O 18. Rfc1 Nb6 19. Qd3 Ne4 20. Be1 f5 21. b3 g5 22. Ne5 Bxe5 23. dxe5 Nd7 24. Qb5 Nxe5 25. f3 Nc3 26. Qxa5 Nc6 27. Qb6 d4 28. Bc4 Re8 29.
exd4 Qxd4+ 30. Bf2 Qxb6 31. Bxb6 Rd7 32. a5 Ne5 33. Bf1 g4 34. fxg4 fxg4 35. a6 Rf8 36. Re1 Ng6 37. Rxe6 Nf4 38. Re3 Rd2 39. a7 Na2 40. Rg3 h5 41. Bc7 Nd5 42. Bb8 Nb6 43. h3 Kh7 44. hxg4 h4 45. Rh3 Kg6 46. Rxh4 Rff2 47.
Rh5 Na8 48. Rh8 Nc3 49. Bg3 Ne2+ 50. Bxe2 Rfxe2 51. Rxa8 Rxg2+ 52. Kf1 Rxg3 53. Rg8+ Kf6 54. a8=Q 1-0

[Event "*** MasterClass Titled Tuesday Blitz"]
[Site "Chess.com"]
[Date "2017.08.01"]
[Round "1"]
[White "livestrong04"]
[Black "penguingm1"]
[Result "1-0"]
[WhiteElo "2374"]
[BlackElo "2605"]
[TimeControl "180+2"]
[EndTime "13:09:47 PDT"]
[Termination "livestrong04 won by resignation"]

1. e4 e5 2. Nf3 Nc6 3. d4 exd4 4. Nxd4 Nf6 5. Nc3 Bb4 6. Nxc6 bxc6 7. Bd3 d5 8. exd5 cxd5 9. O-O O-O 10. Bg5 c6 11. Qf3 h6 12. Bxf6 Qxf6 13. Qxf6 gxf6 14. Ne2 Bd6 15. Rad1 Rb8 16. b3 c5 17. Nc3 Be6 18.
Be2 Rfd8 19. Bf3 d4 20. Ne4 Be7 21. Rfe1 f5 22. Ng3 Bg5 23. Re5 Rbc8 24. Nxf5 Bf6 25. Nxh6+ Kg7 26. Rh5 Kg6 27. g4 Bg5 28. Be4+ Kf6 29.
h4 Bf4 30. Bf5 Kg7 31. g5 Bxf5 32. Nxf5+ Kg6 33. Rh6+ Kxf5 34. Rf6+ Kg4 35. Rxf7 Rc7 36. Rf6 Rd6 37. Rf8 Rh7 38. Kg2 Rxh4 39. Rg1 Rh2+ 40. Kf1+ Kf3 41. Rg3+ Ke4 42. Rg4 d3 43. Rgxf4+ Ke5 44. R8f5+ Ke6 45. Rf6+ Ke5 46. R4f5+ Ke4 47. Rxd6 dxc2 48. Rxc5 Rh1+ 49. Kg2 c1=Q 50. Rxc1 Rxc1 51. Ra6 Rc7 52. Kg3 Kf5 53. Ra5+ Kg6 54. Kg4 Rd7 55.
Ra6+ Kg7 56. f4 Kf7 57. f5 Kg7 58. Kh5 Kh7 59. a4 Kg7 60. b4 Kh7 61. a5 Kg7 62. b5 Kg8 63. b6 Rh7+ 64. Kg4 axb6 65. axb6 Rh1 66. b7 Rb1 67. Ra8+ Kg7 68. b8=Q Rg1+ 69.
Kf4 Rf1+ 70. Ke4 Re1+ 71. Kd3 1-0

[Event "*** MasterClass Titled Tuesday Blitz"]
[Site "Chess.com"]
[Date "2017.08.01"]
[Round "1"]
[White "1stSecond"]
[Black "quesfr"]
[Result "1-0"]
[WhiteElo "2458"]
[BlackElo "2134"]
[TimeControl "180+2"]
[EndTime "13:09:49 PDT"]
[Termination "1stSecond won by resignation"]

1. d4 d5 2. c4 e6 3. Nc3 a6 4. cxd5 exd5 5. Nf3 c6 6. Qc2 Bd6 7. Bg5 Be7 8. Bf4 Bd6 9. Bg3 Ne7 10. e3 Bf5 11.
Bd3 Bxd3 12. Qxd3 O-O 13. O-O a5 14. Rfe1 Bxg3 15. hxg3 Nd7 16. e4 dxe4 17. Nxe4 Nd5 18.
Nd6 Qf6 19. Nc4 h6 20. Re2 Rfd8 21. Rae1 g6 22. a3 Kg7 23. Nfd2 N7b6 24. Ne5 Ne7 25. Qc3 Nbd5 26. Qb3 Rab8 27. Ne4 Qf5 28. g4 Qc8 29.
Qf3 Rf8 30. Nd6 Qc7 31. Nexf7 Rbc8 32. Re6 Rcd8 33. Qh3 Rxf7 34. Nxf7 Kxf7 35. Qxh6 Rg8 36.
g5 Qb8 37. Qh7+ Rg7 38. Rxe7+ Nxe7 39. Rxe7+ Kxe7 40. Qxg7+ Kd6 41. Qe5+ 1-0

[Event "*** MasterClass Titled Tuesday Blitz"]
[Site "Chess.com"]
[Date "2017.08.01"]
[Round "1"]
[White "GM_dmitrij"]
[Black "PulpanJ"]
[Result "1-0"]
[WhiteElo "2469"]
[BlackElo "2162"]
[TimeControl "180+2"]
[EndTime "13:09:52 PDT"]
[Termination "GM_dmitrij won by resignation"]

1. e4 c5 2. Nf3 d6 3. d4 cxd4 4. Nxd4 Nf6 5. Nc3 a6 6. Bg5 e6 7.
f4 h6 8. Bh4 Qb6 9. Qd2 Qxb2 10. Rb1 Qa3 11. e5 dxe5 12. fxe5 Nfd7 13. Ne4 Qxa2 14. Rd1 Qd5 15. Qe3 Qxe5 16. Be2 Bc5 17. Bg3 Qd5 18. c4 Bxd4 19. Rxd4 Qa5+ 20. Rd2 O-O 21. Bd6 f5 22. Bxf8 Nxf8 23. Nd6 Nbd7 24. Bf3 Qa1+ 25. Rd1 Qa5+ 26. Kf2 Nc5 27. g4 fxg4 28.
Bxg4 Bd7 29. Rhf1 Nh7 30. Kg1 Rf8 31. Nxb7 Rxf1+ 32. Kxf1 Nxb7 33. Rxd7 Qa1+ 34. Kg2 Qb2+ 35. Rd2 Qf6 36. Qxe6+ Qxe6 37. Bxe6+ Kf8 38. Rd7 Nc5 39. Rf7+ Ke8 40. Bd5 Nf6 41. Rxg7 h5 42. Rc7 Nfd7 43. Ra7 Kd8 44. Kf3 Kc8 45. Kf4 Kb8 46. Ra8+ Kc7 47.
Kg5 Nb6 48. Ra7+ Kd6 49. Kxh5 Ncd7 50. Rxa6 Ke5 51. Bc6 Nf6+ 52. Kg6 Nxc4 53. Bb5 Ng4 54. Bxc4 Nxh2 55. Be2 Kf4 56. Ra3 1-0

[Event "*** MasterClass Titled Tuesday Blitz"]
[Site "Chess.com"]
[Date "2017.08.01"]
[Round "1"]
[White "HouseOfDurin"]
[Black "matein28"]
[Result "0-1"]
[WhiteElo "1854"]
[BlackElo "2398"]
[TimeControl "180+2"]
[EndTime "13:09:56 PDT"]
[Termination "matein28 won on time"]

1. d4 d5 2. Bg5 c6 3. g3 Nd7 4.
Bg2 Qb6 5. b3 e5 6. dxe5 Nxe5 7.
Be3 Qc7 8. Nf3 Bd6 9. O-O Nf6 10. Nbd2 O-O 11. c4 dxc4 12. Nxc4 Nxc4 13. bxc4 Be6 14. Qc2 b6 15. Rac1 c5 16. Ng5 Rae8 17. Bd5 Bxd5 18. cxd5 h6 19. Nf3 Nxd5 20. Bd2 Ne7 21. Rfd1 Nc6 22.
Bc3 Rd8 23. e4 Ne5 24. Nxe5 Bxe5 25. f4 Bxc3 26. Qxc3 Qe7 27. e5 Qe6 28. Qa3 Rd7 29.
Rxd7 Qxd7 30. Qb3 Rd8 31. Re1 Qd4+ 32. Kg2 Qd5+ 33. Qxd5 Rxd5 34. Re2 Kf8 35. Kf3 g5 36.
Ke4 Rd4+ 37. Kf5 gxf4 38. gxf4 Ke7 39. e6 Rd5+ 40. Kg4 fxe6 41. h4 h5+ 42. Kg3 Rd3+ 43. Kf2 Kf7 44. Re5 Rd5 45. Rg5 Rd2+ 46. Ke3 Rxa2 47.
Rxh5 Rh2 48. Rh7+ Kg6 49. Rxa7 Rxh4 50. Ra6 Rh3+ 51. Ke4 Rb3 52. Ke5 Re3+ 53. Kd6 Kf5 54. Rxb6 Kxf4 55. Kxc5 e5 56. Rf6+ Ke4 57. Kc4 Rd3 58.
Re6 Rd8 59. Kc3 Kf4 60. Rf6+ Ke3 61. Rh6 Rc8+ 62. Kb2 e4 63. Rh3+ Kd2 64. Rh2+ Kd3 65. Rh7 e3 66. Rd7+ Ke2 67. Re7 Kf2 68. Kb3 e2 69. Re8 Rxe8 0-1

[Event "*** MasterClass Titled Tuesday Blitz"]
[Site "Chess.com"]
[Date "2017.08.01"]
[Round "1"]
[White "OparinGrigoriy"]
[Black "RitvarsReimanis"]
[Result "1/2-1/2"]
[WhiteElo "2677"]
[BlackElo "2373"]
[TimeControl "180+2"]
[EndTime "13:09:58 PDT"]
[Termination "Game drawn by repetition"]

1. e4 c5 2. Nf3 Nc6 3. Bb5 g6 4. Bxc6 bxc6 5. O-O Bg7 6. Re1 Nh6 7. c3 f6 8. h3 d6 9. d4 cxd4 10. cxd4 O-O 11. Nc3 Nf7 12. Be3 Qa5 13. Rc1 Bd7 14.
b3 Qh5 15. Ne2 Qa5 16. Qc2 Rac8 17. Nf4 Ng5 18. Nxg5 fxg5 19. Ne2 g4 20. hxg4 Bxg4 21. Ng3 e5 22. f3 exd4 23. Bf2 Be6 24. e5 Bxe5 25. Ne4 Bf5 26. Qd1 c5 27. Nd2 Bd3 28.
Nc4 Bxc4 29. Rxc4 Qd8 30. Qd2 Qf6 31. Ra4 Rc7 32. Ra6 Rcf7 33. Re4 Qf5 34. Qe2 Qh5 35.
Rh4 Qf5 36. Re4 Qh5 37. Rh4 Qg5 38. Rg4 Qc1+ 39. Be1 d3 40. Qd2 Qxd2 41. Bxd2 d5 42. Ra5 Bd4+ 43. Rxd4 cxd4 44. Rxd5 Rc7 45. Rxd4 Rc2 46.
Rxd3 Rxa2 47. Bh6 Rc8 48. Rd7 Rcc2 49. Rg7+ Kh8 50. Rf7 Rc8 51. Kh2 a5 52. Kh3 a4 53.
bxa4 Rxa4 54. g4 Rac4 55. Kg3 R4c7 56. Rf6 Kg8 57. Ra6 Rf7 58. Ra3 Re8 59. Rd3 Rfe7 60.
Rd4 Kf7 61. Rf4+ Ke6 62. Re4+ Kd5 63. Ra4 Kc6 64. Ra6+ Kb5 65. Rf6 Rd7 66. Kh4 Kc5 67.
f4 Kd5 68. Kg5 Rg8 69. Ra6 Rf7 70. Ra5+ Kd6 71. Ra6+ Kd5 72. Ra5+ Kd6 73. Ra6+ Kd5 74. Ra5+ Kd6 1/2-1/2

[Event "*** MasterClass Titled Tuesday Blitz"]
[Site "Chess.com"]
[Date "2017.08.01"]
[Round "1"]
[White "Fins0905"]
[Black "TenisMaster"]
[Result "1-0"]
[WhiteElo "2416"]
[BlackElo "2676"]
[TimeControl "180+2"]
[EndTime "13:10:05 PDT"]
[Termination "Fins0905 won by resignation"]

1. d4 Nf6 2. c4 e6 3. Nc3 Bb4 4. e3 O-O 5. Bd3 d5 6. cxd5 exd5 7. Nf3 b6 8. O-O Ba6 9. Bxa6 Nxa6 10. Ne5 c5 11. Qa4 Nc7 12. a3 Bxc3 13. bxc3 Ne6 14. f3 Qc7 15. Bb2 Rac8 16. Rf2 Rfd8 17. Re1 Nd7 18. Nd3 c4 19. Nc1 Re8 20. Qd1 f5 21. e4 fxe4 22. fxe4 Nf6 23. exd5 Nxd5 24. Re5 Nef4 25. Qg4 Rxe5 26. dxe5 Rf8 27. g3 h5 28. Qh4 Qxe5 29. gxf4 Nxf4 30. Rf3 Ne2+ 31. Kf2 Rxf3+ 32. Kxf3 Nxc1 33. Bxc1 Qxc3+ 34. Be3 Qe5 35. Qxc4+ Kh8 36. Qf4 Qd5+ 37. Kg3 Kh7 38. Bd4 b5 39. Qe5 Qf7 40. Qxb5 Qg6+ 41. Kf3 Qg4+ 42. Ke3 Qh3+ 43. Ke4 Qg4+ 44.
Kd3 Qh3+ 45. Kc4 Qf1+ 46. Kc5 Qf5+ 47. Kb4 Qb1+ 48. Ka5 Qe1+ 49. Qb4 Qe4 50. Bc3 Qd5+ 51. Ka4 Qc6+ 52. Kb3 Qd5+ 53. Qc4 Qd1+ 54. Kb2 Qf3 55. Qd4 Qg2+ 56. Kb3 a6 57. h4 Qg6 58. a4 Qe6+ 59. Kb4 Qe7+ 60. Ka5 Qb7 61. Qxg7+ Qxg7 62. Bxg7 Kxg7 63.
Kxa6 Kf6 64. Kb5 Kf5 65. a5 Kg4 66. a6 Kxh4 67. a7 Kg3 68. a8=Q h4 69. Qh1 h3 70.
Qg1+ Kf3 71. Qh2 Kg4 72. Kc4 Kh4 73. Kd3 1-0

[Event "*** MasterClass Titled Tuesday Blitz"]
[Site "Chess.com"]
[Date "2017.08.01"]
[Round "1"]
[White "Rbrrt"]
[Black "ChessQueen"]
[Result "0-1"]
[WhiteElo "2290"]
[BlackElo "2571"]
[TimeControl "180+2"]
[EndTime "13:10:08 PDT"]
[Termination "ChessQueen won by resignation"]

1. e4 e5 2. Nf3 Nc6 3. d4 exd4 4.
Nxd4 Nf6 5. Nxc6 bxc6 6. e5 Qe7 7. Qe2 Nd5 8. c4 Nb6 9. Nc3 Qe6 10. Qe4 Bb7 11.
Bd3 O-O-O 12. O-O h5 13. b3 h4 14. Bb2 g5 15. Qe3 g4 16. Ne4 c5 17. Rad1 Kb8 18.
a4 Nc8 19. Ng5 Qe7 20. Ne4 Qe6 21. Ng5 Qe7 22. Ne4 g3 23. fxg3 hxg3 24. Qxg3 Bh6 25. Nf6 Qe6 26. Bf5 Qb6 27. Rxd7 Bc6 28. Rxf7 Rd2 29. Be4 Rxb2 30. Bxc6 Qxc6 31. Nd7+ Ka8 32. Qf3 Qxf3 33. R1xf3 Rg8 34. g3 Bg5 35. Nxc5 Be7 36. Ne4 Re2 37. R3f4 Re3 38. Nf6 Rd8 39. Nd5 Rxd5 40.
cxd5 Rxe5 41. h4 Bc5+ 42. Kg2 Bd6 43. R4f5 Re3 44. Rf3 Re2+ 45. Kh3 Ne7 46. h5 Re1 47. Rf2 Rh1+ 48. Rh2 Rg1 49. Rg2 Rh1+ 50. Rh2 Rg1 51. Rg2 Rd1 52. h6 Rxd5 53. g4 Ng6 54. Rg7 Rd3+ 55.
Rg3 Rxg3+ 56. Kh2 Rxg4+ 57. Kh3 Rh4+ 58. Kg2 Rxh6 59. Kf3 0-1

[Event "*** MasterClass Titled Tuesday Blitz"]
[Site "Chess.com"]
[Date "2017.08.01"]
[Round "1"]
[White "TastyFrenchFries"]
[Black "djogrodek1"]
[Result "0-1"]
[WhiteElo "1904"]
[BlackElo "2403"]
[TimeControl "180+2"]
[EndTime "13:10:08 PDT"]
[Termination "djogrodek1 won by resignation"]

1. e4 c6 2. d4 d5 3. Nc3 dxe4 4. Nxe4 Bf5 5. Ng3 Bg6 6. h4 h6 7. Nf3 e6 8. Ne5 Bh7 9. Bc4 Nd7 10. Qe2 Nxe5 11. dxe5 Be7 12. h5 Qb6 13. c3 O-O-O 14. a4 Qc7 15. f4 Bf8 16. Be3 Kb8 17. Qf2 c5 18. O-O Ne7 19. b4 Nd5 20.
Bxc5 Bxc5 21. Qxc5 Qxc5+ 22. bxc5 Ne3 23. Be2 Nxf1 24.
Nxf1 Be4 25. a5 a6 26. Ra4 Bc6 27. Rb4 Rd5 28. Bxa6 Ka7 29. Be2 Rxc5 30. Nd2 Rd8 31. Nb3 Rxc3 32. Nd4 Rd5 33. a6 Rd7 34. axb7 Rxb7 35.
Rxb7+ Kxb7 36. Nxc6 Kxc6 37. Bf3+ Kc5 38. Kf2 Kd4 39. Kg3 Ke3 40. Kg4 Rc4 41. g3 Kf2 42. Be4 Rc3 43. f5 Rxg3+ 44. Kf4 Rg5 45. fxe6 fxe6 46.
Bg6 Ke2 47. Ke4 Kd2 48. Kd4 Kc1 49. Bf7 Kd2 50. Bxe6 Rxh5 51. Bf7 Rh4+ 52. Kd5 Ke3 53. e6 Rd4+ 54. Ke5 Re4+ 55. Kf5 g5 56. Kf6 g4 57. e7 Rxe7 58. Kxe7 g3 59. Bd5 h5 60. Kf6 h4 61. Bg2 Kf2 62. Bh3 g2 63. Bxg2 Kxg2 64. Kg5 h3 65. Kg4 h2 0-1

[Event "*** MasterClass Titled Tuesday Blitz"]
[Site "Chess.com"]
[Date "2017.08.01"]
[Round "1"]
[White "Spartakus1975"]
[Black "Usurpov"]
[Result "1/2-1/2"]
[WhiteElo "2546"]
[BlackElo "2305"]
[TimeControl "180+2"]
[EndTime "13:10:09 PDT"]
[Termination "Game drawn by stalemate"]

1. e4 c5 2. c3 e6 3. d4 d5 4. e5 Bd7 5. Nf3 Qb6 6. a3 Nc6 7.
b4 cxd4 8. cxd4 Rc8 9. Bb2 Na5 10. Nbd2 Nc4 11. Nxc4 dxc4 12. Rc1 Qa6 13. d5 exd5 14.
Qxd5 Be6 15. Qe4 Ne7 16. Nd4 b5 17. Nxe6 fxe6 18. Be2 Nd5 19. O-O Be7 20. Rfd1 O-O 21. Bg4 Rcd8 22. g3 g6 23. h4 Kg7 24. Rd4 c3 25. Ba1 Qxa3 26. Rf1 Nxb4 27. Bxe6 Rxd4 28. Qxd4 Nc2 29. Qxc3 Nxa1 30. Qxa1 Qxa1 31. Rxa1 Bc5 32. Ra2 Re8 33. Bd7 Rxe5 34. Bxb5 Bxf2+ 35. Kxf2 Rxb5 36.
Rxa7+ Kh6 37. g4 g5 38. h5 Rb3 39. Ra6+ Kg7 40. Ra7+ Kh6 41. Rf7 Ra3 42. Rf3 Rxf3+ 43. Kxf3 Kg7 44. Ke4 Kf6 45. Kd5 Kf7 46. Ke5 Ke7 47.
Kf5 Kf7 48. Kxg5 Kg7 49. Kf5 Kf7 50. g5 Ke7 51. Ke5 Kf7 52. Kd6 Ke8 53. Ke6 Kf8 54. Kf6 Kg8 55. Ke7 Kg7 56. Ke6 Kg8 57. Kf6 Kh8 58. g6 Kg8 59. Kg5 hxg6 60. hxg6 Kg7 61. Kf5 Kg8 62. Kf6 Kf8 63. Kg5 Kg7 64. Kh5 Kg8 65. Kg5 Kg7 66. Kf5 Kg8 67. Kf6 Kf8 68. g7+ Kg8 69. Kg6 1/2-1/2

[Event "*** MasterClass Titled Tuesday Blitz"]
[Site "Chess.com"]
[Date "2017.08.01"]
[Round "1"]
[White "Fandorine"]
[Black "KyronGriffith"]
[Result "1-0"]
[WhiteElo "2671"]
[BlackElo "2357"]
[TimeControl "180+2"]
[EndTime "13:10:12 PDT"]
[Termination "Fandorine won by checkmate"]

1. e4 c5 2. Nf3 d6 3. d4 cxd4 4. Nxd4 Nf6 5. Nc3 a6 6. h3 e6 7. g4 Be7 8. Bg2 Qc7 9. O-O O-O 10. Be3 Nfd7 11. f4 Re8 12. g5 Nc6 13. h4 b5 14.
Nxc6 Qxc6 15. e5 d5 16. Nxd5 exd5 17. Bxd5 Qc7 18. Bxa8 Bc5 19. Qd2 Nb6 20. Bxc5 Qxc5+ 21. Qf2 Qxf2+ 22. Kxf2 Nxa8 23. Rfd1 Nc7 24. Rd6 Ne6 25. Ke3 f6 26. Rad1 fxe5 27. fxe5 g6 28. b3 Kf8 29. c4 bxc4 30. bxc4 Ng7 31. Rd8 Nf5+ 32. Kf4 Nxh4 33. Rxe8+ Kxe8 34. Rh1 Nf5 35. Rxh7 Be6 36. c5 Ne7 37. a3 Bf5 38. e6 Bxe6 39. Ke5 Bd7 40. Kf6 Nd5+ 41. Kxg6 Bb5 42. Ra7 Kf8 43. Kh6 Ne3 44. g6 Nf5+ 45. Kg5 Ng7 46. Rf7+ Kg8 47. Kh6 Ne6 48. Re7 Nd4 49. Rc7 Bd3 50. Rc8# 1-0

[Event "*** MasterClass Titled Tuesday Blitz"]
[Site "Chess.com"]
[Date "2017.08.01"]
[Round "1"]
[White "Incognito_Knight"]
[Black "wonderfultime"]
[Result "1-0"]
[WhiteElo "2373"]
[BlackElo "2655"]
[TimeControl "180+2"]
[EndTime "13:10:13 PDT"]
[Termination "Incognito_Knight won by resignation"]

1. e4 c5 2. Nf3 d6 3. d4 cxd4 4. Nxd4 Nf6 5. f3 Nc6 6. c4 g6 7.
Nc3 Bg7 8. Be3 O-O 9. Qd2 Be6 10. Be2 Rc8 11. Nxe6 fxe6 12. O-O a6 13. Rac1 Qa5 14. Rfd1 Nd7 15. b3 Nc5 16. Nb1 Qxd2 17. Rxd2 Be5 18. g3 Bg7 19. Nc3 Ne5 20. Kg2 Nc6 21. Nd1 e5 22. Nc3 Nd4 23. Nd5 Rf7 24. Bd1 e6 25. Nc3 Rcf8 26. f4 h5 27. b4 Nd7 28. Ne2 Nxe2 29.
Bxe2 exf4 30. gxf4 Bh6 31. Rxd6 Bxf4 32. Bxf4 Rxf4 33.
Rxd7 Rf2+ 34. Kg3 Rxe2 35. Rcd1 Rxe4 36. R1d3 Rxc4 37. Rxb7 Rg4+ 38. Kh3 e5 39. Rb6 Kg7 40. Rg3 Rff4 41. a3 Rxg3+ 42. Kxg3 h4+ 43. Kg2 e4 44. Rxa6 Kf7 45. Ra5 Kf6 46. Ra8 Ke5 47. b5 Rf6 48. a4 Kd4 49. a5 e3 50. Re8 Rf5 51.
a6 Rg5+ 52. Kf3 Rf5+ 53. Ke2 Rf2+ 54. Ke1 Ra2 55. b6 Kd3 56. Rd8+ Ke4 57. b7 Ra1+ 58. Rd1 1-0

[Event "*** MasterClass Titled Tuesday Blitz"]
[Site "Chess.com"]
[Date "2017.08.01"]
[Round "1"]
[White "dmjjmd"]
[Black "TheLancer"]
[Result "0-1"]
[WhiteElo "2146"]
[BlackElo "2464"]
[TimeControl "180+2"]
[EndTime "13:10:19 PDT"]
[Termination "TheLancer won by resignation"]

1. d4 Nf6 2. c4 e6 3. Nf3 Bb4+ 4. Bd2 Qe7 5. g3 Nc6 6. Bg2 Bxd2+ 7. Nbxd2 d6 8. O-O O-O 9. e4 e5 10. d5 Nb8 11. h3 a5 12. b3 Na6 13. a3 c6 14. b4 axb4 15. axb4 cxd5 16. exd5 Bf5 17. Qb3 h6 18. Rfe1 Qd7 19. Kh2 Rfc8 20. Rac1 Nc7 21. Nh4 Bh7 22. Nhf3 b5 23. cxb5 Nxb5 24. Nc4 Rab8 25. Na5 Rxc1 26. Rxc1 Rc8 27. Rxc8+ Qxc8 28. Nc6 Qb7 29. Nd2 Bf5 30. Nc4 Be4 31. N4a5 Qb6 32.
Bxe4 Nxe4 33. Qe3 Qxe3 34. fxe3 Kf8 35. Kg2 Nec3 36. Nc4 Nxd5 37. Kf3 Ke8 38. e4 Ne7 39. N6a5 Kd7 40. Nb3 f5 41. g4 f4 42. Nc1 g5 43.
Nd3 Nd4+ 44. Kf2 Nec6 45. b5 Nd8 46. b6 Nb7 47. Nb4 Ne6 48. Nd5 Nec5 49. Nf6+ Ke6 50.
Ng8 Nxe4+ 51. Kf3 d5 52. Nxh6 Nf6 53. Nd2 e4+ 54. Ke2 f3+ 55. Ke3 Nd7 56. Nf5 Nxb6 57. h4 gxh4 58. Nxh4 Nd6 59. g5 Ke5 60. g6 Nbc4+ 61.
Nxc4+ Nxc4+ 62. Kf2 Kf6 63. Kg3 Ne5 64. g7 Kxg7 65. Nf5+ Kf6 66. Ne3 Ke6 67. Kf2 Nd3+ 68.
Kf1 Ke5 69. Ng4+ Kf4 70. Nf6 Nb4 71. Nh5+ Ke3 72. Ng3 Kd2 73. Nf5 e3 74. Nd4 e2+ 75. Kf2 e1=Q+ 76. Kxf3 Qe4+ 77. Kf2 Qxd4+ 0-1

[Event "*** MasterClass Titled Tuesday Blitz"]
[Site "Chess.com"]
[Date "2017.08.01"]
[Round "1"]
[White "ShimanovAlex"]
[Black "GasconJR"]
[Result "1/2-1/2"]
[WhiteElo "2612"]
[BlackElo "2337"]
[TimeControl "180+2"]
[EndTime "13:10:41 PDT"]
[Termination "Game drawn by agreement"]

1. d4 Nf6 2. Bf4 e6 3. e3 Bd6 4. Bg3 Ne4 5. Nd2 Nxg3 6. hxg3 Be7 7. Bd3 g6 8. Ngf3 c5 9. c3 d5 10. Ne5 Nc6 11. f4 Nxe5 12. dxe5 c4 13. Be2 Qb6 14. Qc2 Qxe3 15. Nf3 Bc5 16. Rf1 Bd7 17. Qd2 Qxd2+ 18.
Kxd2 Ke7 19. g4 b5 20. a3 a5 21. Ra2 b4 22. axb4 axb4 23. Rfa1 bxc3+ 24. bxc3 Rxa2+ 25. Rxa2 Rb8 26. Bd1 Bc6 27. Bc2 h6 28. Ra1 Rb2 29.
Kc1 Rb6 30. Kd2 Rb7 31. Ra6 Bd7 32. Ra1 Ra7 33. Rxa7 Bxa7 34. g5 hxg5 35. Nxg5 Bf2 36.
Ke2 Bg3 37. Nh3 Bc6 38. Ke3 Be1 39. Kd4 Kd7 40. g4 Bh4 41. f5 exf5 42. gxf5 g5 43. Ke3 g4 44. Ng1 Bg5+ 45. Kd4 Bh4 46. Ke3 Bg5+ 47.
Kd4 Bh4 48. Ke3 Be1 49. Kf4 g3 50. Bd1 Bf2 51. Nh3 g2 52. Kg5 g1=Q+ 53. Nxg1 Bxg1 54. Kf6 d4 55. Kxf7 dxc3 56. e6+ Kd6 57. e7 Bd5+ 58.
Kf8 Bc6 59. f6 Bc5 60. e8=Q Bxe8 61. Kxe8 Ke6 62. f7 Kd5 63. Bc2 Kd4 64. Kd7 Ke3 65. Kc6 Bf8 66. Kd5 Kd2 67. Bh7 c2 68. Bxc2 Kxc2 69.
Kxc4 1/2-1/2

[Event "*** MasterClass Titled Tuesday Blitz"]
[Site "Chess.com"]
[Date "2017.08.01"]
[Round "1"]
[White "nutibara"]
[Black "KNVB"]
[Result "0-1"]
[WhiteElo "2240"]
[BlackElo "2512"]
[TimeControl "180+2"]
[EndTime "13:10:42 PDT"]
[Termination "KNVB won by checkmate"]

1. e4 c5 2. Nf3 e6 3. d4 cxd4 4.
Nxd4 Nc6 5. Nb5 d6 6. Bf4 e5 7. Be3 Nf6 8. Bg5 a6 9. Bxf6 gxf6 10. N5c3 f5 11. Qh5 Nd4 12. Bc4 Qc7 13. Nd2 b5 14. Nd5 Qd8 15. Bd3 Be6 16. c3 Nc6 17. O-O Bg7 18.
a4 bxa4 19. Rxa4 O-O 20. exf5 Bxd5 21. f6 h6 22. fxg7 Kxg7 23. Rg4+ Kf6 24. Qxh6+ Ke7 25.
Ne4 Be6 26. Rg7 Kd7 27. Ng5 Qe7 28. Nxe6 Qxe6 29. Qg5 Kc7 30. Bf5 Qe7 31. Qg4 Qf6 32.
g3 Rab8 33. b4 Rb6 34. Ra1 Ne7 35. Be4 d5 36. Bg2 Ng6 37. Rh7 Rd8 38. Rd1 e4 39.
h4 Rbd6 40. Qe2 Ne5 41. b5 a5 42. Qe3 Kb7 43. Qc5 Rc8 44. Qd4 Rc7 45. Bxe4 Nf3+ 46. Bxf3 Qxf3 47. b6 Rc4 48. Qd2 Rd7 49. Rb1 a4 50. h5 Qf5 51. Rh6 Qxb1+ 52. Kg2 Qe4+ 53. Kh2 Rc6 54. Rh7 Qxh7 55. Qd4 Qxh5+ 56. Kg2 Qf5 57. Qxa4 Qe4+ 58. Qxe4 dxe4 59. g4 Rxc3 60. g5 Rf3 61.
g6 fxg6 62. Kf1 Kxb6 63. Kg2 g5 64. Kf1 g4 65. Kg2 Rd2 66. Kg1 Rfxf2 67. Kh1 g3 68. Kg1 e3 69. Kh1 Kc5 70. Kg1 Kd4 71. Kh1 Ke4 72.
Kg1 Kf3 73. Kh1 Ke2 74. Kg1 Ke1 75. Kh1 Rd1 76. Kg1 Kd2# 0-1